 Dungeon Crawl Stone Soup version 0.31.0-9-g3a7656b989 (webtiles) character file.

Game seed: 13671823746227029491

95810 GordonOverkill the Brawler (level 16, -5/136 HPs)
             Began as a Formicid Delver on Jan 25, 2024.
             Was the Champion of Okawaru.
             Slain by a white very ugly thing (24 damage)
             ... on level 15 of the Dungeon.
             The game lasted 00:44:34 (30910 turns).

GordonOverkill the Brawler (Formicid Delver)       Turns: 30910, Time: 00:44:35

Health: -5/136     AC: 22    Str: 22    XL:     16   Next: 64%
Magic:  23/23      EV:  9    Int: 13    God:    Okawaru [******]
Gold:   1979       SH:  6    Dex: 18    Spells: 15/15 levels left

rFire   + +          .
                       - Unarmed
rCold   + . .        s - +0 buckler
rNeg    . . .        D - +3 plate armour {rF+}
rPois   +            (helmet unavailable)
rElec   .            x - scarf {rC+ rF+}
rCorr   .            A - +0 pair of fencer's gloves {Riposte Dex+3}
SInv    +            a - +2 pair of boots
Will    ++...        o - amulet of faith Stlth
                     B - ring of willpower
HPRegen 0.42/turn    I - ring of poison resistance
MPRegen 0.18/turn

%: faith
@: no status effects
A: permanent stasis, dig shafts and tunnels, antennae 3, four strong arms
a: Dig, Shaft Self, Renounce Religion, Heroism, Finesse, Duel, Receive Weapon,
Receive Armour


You were on level 15 of the Dungeon.
You worshipped Okawaru.
Okawaru was exalted by your worship.
You visited 3 branches of the dungeon, and saw 21 of its levels.
You also visited: Volcano.

You collected 1979 gold pieces.

Inventory:

Hand Weapons
 d - a +4 scimitar of flaming
Missiles
 j - 37 poisoned darts (quivered)
 v - 4 throwing nets
 y - 4 curare-tipped darts
Armour
 a - a +2 pair of boots (worn)
 f - the +0 chain mail "Alanucs" {+Inv rCorr Dex+2}
   (You found it on level 5 of the Dungeon)

   Dex+2:     It affects your dexterity (+2).
   +Inv:      It lets you turn invisible.
   rCorr:     It protects you from acid and corrosion.
 s - a +0 buckler (worn)
 u - a +1 cloak
 x - a scarf of resistance (worn)
 A - the +0 pair of fencer's gloves (worn) {Riposte Dex+3}
   (You acquired it on level 11 of the Dungeon)

   Riposte:   It allows the wearer to riposte with melee weapons, swiftly
   retaliating against missed or blocked melee attacks.
   Dex+3:     It affects your dexterity (+3).
 D - a +3 plate armour of fire resistance (worn)
Magical Staves
 g - a staff of cold
Jewellery
 o - an amulet of faith (around neck)
 q - a ring of fire
 w - an amulet of regeneration
 B - a ring of willpower (left hand)
 I - a ring of poison resistance (right hand)
 L - a ring of fire
 P - a ring of protection from cold
Wands
 e - a wand of polymorph (11)
 l - a wand of flame (14)
 p - a wand of digging (17)
 K - a wand of roots (6)
 T - a wand of quicksilver (3)
Scrolls
 b - 4 scrolls of fog
 c - 8 scrolls of revelation
 i - 9 scrolls of immolation
 n - 2 scrolls of vulnerability
 r - 3 scrolls of silence
 z - 6 scrolls of identify
 E - a scroll of poison
 M - 2 scrolls of fear
Potions
 h - 5 potions of curing
 k - 3 potions of brilliance
 m - 3 potions of cancellation
 t - 4 potions of enlightenment
 C - a potion of invisibility
 F - 2 potions of heal wounds
 G - 2 potions of mutation
 H - 9 potions of ambrosia
 J - 6 potions of might
 N - 2 potions of attraction


   Skills:
 - Level 15.0 Fighting
 - Level 10.0 Armour
 - Level 5.0 Dodging
 - Level 6.0 Stealth
 - Level 5.0 Shields
 - Level 18.0 Unarmed Combat
 - Level 10.0 Invocations
 + Level 16.0 Evocations


You had 15 spell levels left.
You didn't know any spells.
Your spell library contained the following spells:

 Spells                   Type           Power      Damage    Failure   Level
 Sandblast                Erth           0%         2d4       99%         1
 Ensorcelled Hibernation  Hex/Ice        0%         N/A       100%        2
 Lesser Beckoning         Tloc           0%         N/A       100%        2
 Scorch                   Fire           0%         2d5       100%        2
 Dazzling Flash           Conj/Hex       0%         N/A       100%        3
 Fugue of the Fallen      Necr           0%         N/A       100%        3
 Gell's Gravitas          Tloc           0%         N/A       100%        3
 Mephitic Cloud           Conj/Alch/Air  0%         N/A       100%        3
 Ozocubu's Armour         Ice            0%         N/A       100%        3
 Passwall                 Erth           0%         N/A       100%        3
 Stone Arrow              Conj/Erth      0%         3d7       100%        3
 Teleport Other           Tloc           0%         N/A       100%        3
 Anguish                  Hex/Necr       0%         N/A       100%        4
 Brom's Barrelling Bould  Conj/Erth      0%         2d3       100%        4
 Cause Fear               Hex            0%         N/A       100%        4
 Flame Wave               Conj/Fire      0%         2d4       100%        4
 Ignite Poison            Fire/Alch      0%         N/A       100%        4
 Manifold Assault         Tloc           0%         N/A       100%        4
 Sticky Flame             Fire/Alch      0%         2d4       100%        4
 Alistair's Intoxication  Alch           0%         N/A       100%        5
 Curse of Agony           Necr           0%         N/A       100%        5
 Silence                  Hex/Air        0%         N/A       100%        5
 Enfeeble                 Hex            0%         N/A       100%        7
 Ignition                 Fire           0%         3d3       100%        8
 Polar Vortex             Ice            0%         N/A       100%        9
 Summon Small Mammal      Summ           Unusable   N/A       N/A         1
 Call Canine Familiar     Summ           Unusable   N/A       N/A         3
 Swiftness                Air            Unusable   N/A       N/A         3
 Animate Dead             Necr           Unusable   N/A       N/A         4
 Martyr's Knell           Necr/Summ      Unusable   N/A       N/A         4
 Summon Blazeheart Golem  Fire/Summ      Unusable   N/A       N/A         4
 Summon Cactus Giant      Summ           Unusable   N/A       N/A         6
 Monstrous Menagerie      Summ           Unusable   N/A       N/A         7
 Summon Horrible Things   Summ           Unusable   N/A       N/A         8

Dungeon Overview and Level Annotations

Branches:
Dungeon (15/15)            Temple (1/1) D:7            Lair (5/5) D:8
  Swamp (0/4) Lair:2       Spider (0/4) Lair:2        Slime (0/5) Lair:4
    Orc (0/2) D:11         Vaults (0/5) D:14        Volcano (visited)
 Depths: D:15

Altars:
Ashenzari
Cheibriados
Dithmenos
Elyvilon
Fedhas
Gozag
Hepliaklqana
Kikubaaqudgha
Makhleb
Nemelex Xobeh
Okawaru
Qazlal
Ru
Sif Muna
Trog
Uskayaw
Vehumet
Wu Jian
Xom
Yredelemnul
Zin
The Shining One
Jiyva

Shops:
D:7 (   D:8 [   D:10 *   D:12 =

Annotations:
D:2 1 runed translucent door, Crazy Yiuf
D:3 2 transporters, Menkaure
D:4 3 runed translucent doors, Drangen's ghost, novice HOHu
D:10 1 runed translucent door, martbhell's ghost, novice MiBe


Innate Abilities, Weirdness & Mutations

You cannot be hasted, slowed, berserked, paralysed or teleported.
You can dig through walls and to a lower floor.
You have a pair of large antennae on your head. (SInv)
Your four strong arms can wield two-handed weapons with a shield.


Message History

The white very ugly thing is severely wounded.
You hit the white very ugly thing.
The white very ugly thing is almost dead.
You punch the white very ugly thing!
The white very ugly thing is almost dead.
The white very ugly thing gores you! The white very ugly thing freezes you!!
You resist.
The white ugly thing basks in the mutagenic energy from its kin and changes!
You are too injured to fight recklessly!
The rakshasa gestures at you. The lance of force hits you!
* * * LOW HITPOINT WARNING * * *
You are knocked back by the lance of force.
You slam into the rock wall!
* * * LOW HITPOINT WARNING * * *
The rakshasa hits you with a +0 trident.
* * * LOW HITPOINT WARNING * * *
The white very ugly thing gores you.
* * * LOW HITPOINT WARNING * * *
The white very ugly thing freezes you!! You resist.
* * * LOW HITPOINT WARNING * * *
You closely miss the rakshasa. The rakshasa barely misses you.
The white very ugly thing gores you!
* * * LOW HITPOINT WARNING * * *
The white very ugly thing freezes you!! You resist.
* * * LOW HITPOINT WARNING * * *
You hit the rakshasa.
The rakshasa is lightly wounded.
The rakshasa blinks!
The rakshasa gestures at you. The lance of force hits you!
* * * LOW HITPOINT WARNING * * *
You are knocked back by the lance of force.
You collide with the purple ugly thing!
The purple ugly thing is lightly wounded.
* * * LOW HITPOINT WARNING * * *
You feel much better. The white very ugly thing gores you!
* * * LOW HITPOINT WARNING * * *
The white very ugly thing freezes you!! You resist.
You die...

###..#
#.######.(#
#.........#
#########.#
######.## #.
#.......#
....######..#
.....ยง.u##..#
, #u@R..#
#.##..#
#.#......
#......##.#
......##
####.## #.#
#.#


You could see a white very ugly thing, a purple ugly thing and a rakshasa.

Vanquished Creatures
  Josephine (D:13)
  5 hydras
  2 catoblepae
  3 boulder beetles
  An ogre mage (D:14)
  5 centaur warriors
  A dancing weapon (Volcano)
  8 two-headed ogres
  10 death yaks
  A tengu warrior (D:13)
  An occultist (Volcano)
  A deep troll shaman (Lair:5)
  3 skysharks
  8 skeletal warriors
  An arcanist (D:13)
  2 lindwurms (Lair:5)
  A flayed ghost (D:11)
  A necromancer (D:9)
  An orc sorcerer (Volcano)
  3 deep elf pyromancers
  A manticore (D:15)
  9 ugly things
  7 deep elf zephyrmancers (D:12)
  9 cyclopes
  Maurice (D:7)
  An oklob plant (Lair:4)
  4 centaur zombies (D:13)
  17 elephants
  Joseph (D:7)
  5 toenail golems (Volcano)
  2 torpor snails
  7 black mambas
  5 molten gargoyles (D:14)
  2 gargoyles
  A smoke demon (D:14)
  12 cane toads
  Jeremiah (D:6)
  An unseen horror (D:11)
  2 efreet (D:11)
  2 rime drakes
  11 komodo dragons
  8 trolls
  A tengu conjurer (D:15)
  An ice devil (D:14)
  A queen bee (shapeshifter) (D:15)
  3 polar bears
  2 hornets (D:9)
  A queen bee (Lair:2)
  25 blink frogs
  6 dream sheep (Lair:5)
  11 slime creatures
  9 wraiths
  5 humans (Volcano)
  10 wyverns
  21 yaks
  8 basilisks
  A steam dragon (D:6)
  5 vampire mosquitoes
  13 water moccasins
  An acid dragon (D:8)
  Duvessa (D:7)
  A sky beast (D:7)
  2 ice beasts (D:7)
  6 orc warriors
  10 centaurs
  2 ogres
  17 wolves
  2 phantoms (D:6)
  3 kobold brigands
  13 bullfrogs
  A gnoll sergeant (D:13)
  14 wights
  Dowan (D:7)
  28 killer bees
  18 electric eels
  5 howler monkeys
  4 crimson imps (D:14)
  A gnoll bouda (D:5)
  4 hounds
  A bombardier beetle (D:5)
  5 jellies
  11 orc priests
  2 sleepcaps
  5 iguanas
  Natasha (twice) (D:2)
  16 orc wizards
  A boggart simulacrum (D:15)
  7 gnolls
  6 adders
  A shadow imp (D:6)
  7 white imps
  2 ufetubi (D:6)
  A ribbon worm (D:2)
  59 orcs
  6 ball pythons
  6 endoplasms
  5 giant cockroaches
  3 goblins
  8 hobgoblins
  5 jackals (D:3)
  6 quokkas
  17 bats
  2 frilled lizards
  18 kobolds
  6 rats
633 creatures vanquished.

Vanquished Creatures (others)
  An occultist (Volcano)
  A basilisk (D:11)
  An orc (D:6)
3 creatures vanquished.

Grand Total: 636 creatures vanquished

Notes
Turn   | Place    | Note
-------+----------+-------------------------------------------
     0 | D:5      | GordonOverkill the Formicid Delver began the quest for the
                  | Orb.
     0 | D:5      | Reached XP level 1. HP: 18/18 MP: 1/1
     1 | D:6      | Noticed a hound
     1 | D:6      | Noticed a hound
    23 | D:5      | Noticed a scorpion
   102 | D:5      | Noticed a jelly
   127 | D:5      | Identified the +0 chain mail "Alanucs" {+Inv rCorr Dex+2}
   461 | D:3      | Reached XP level 2. HP: 23/23 MP: 2/2
   511 | D:3      | Reached skill level 3 in Unarmed Combat
   696 | D:3      | Found a shadowy altar of Dithmenos.
   739 | D:3      | Found a transporter.
   791 | D:2      | Reached XP level 3. HP: 29/29 MP: 3/3
  1736 | D:1      | Reached skill level 4 in Unarmed Combat
  1736 | D:1      | Reached XP level 4. HP: 35/35 MP: 4/4
  2303 | D:2      | Noticed Natasha
  2316 | D:2      | Killed Natasha
  2484 | D:2      | Noticed Natasha
  2493 | D:2      | Killed Natasha
  2494 | D:2      | Reached XP level 5. HP: 36/41 MP: 5/5
  2516 | D:2      | Found a runed translucent door.
  2517 | D:2      | Noticed Crazy Yiuf
  2615 | D:2      | Found a faded altar of an unknown god.
  2662 | D:2      | Reached skill level 5 in Unarmed Combat
  3512 | D:3      | Found an ancient bone altar of Kikubaaqudgha.
  3516 | D:3      | Noticed Menkaure
  3522 | D:3      | Found a basalt altar of Yredelemnul.
  3525 | D:3      | Found a transporter.
  3604 | D:4      | Found a runed translucent gate.
  3604 | D:4      | Noticed Drangen's ghost (novice HOHu)
  3605 | D:4      | Found a runed translucent gate.
  3606 | D:4      | Found a runed translucent gate.
  3610 | D:4      | Identified the +6 dagger of the Valley of Death {heavy,
                  | Str+4 Dex+3}
  3610 | D:4      | Identified the +2 leather armour of Exclusion {rElec rCorr
                  | Str-5 Dex+8}
  3845 | D:4      | Reached XP level 6. HP: 43/48 MP: 6/6
  4504 | D:5      | Reached skill level 6 in Unarmed Combat
  4566 | D:5      | Identified a scroll of acquirement
  4566 | D:5      | Acquired a manual of Unarmed Combat
  4888 | D:5      | Reached skill level 7 in Unarmed Combat
  4888 | D:5      | Reached XP level 7. HP: 39/54 MP: 7/7
  5006 | D:5      | Found a burning altar of Makhleb.
  5013 | D:5      | Reached skill level 8 in Unarmed Combat
  5264 | D:6      | Reached skill level 9 in Unarmed Combat
  5332 | D:6      | Noticed Jeremiah
  5352 | D:6      | HP: 2/40 [Jeremiah/+4 trident of draining (6)]
  5354 | D:6      | Killed Jeremiah
  5355 | D:6      | Reached skill level 10 in Unarmed Combat
  5355 | D:6      | Reached skill level 11 in Unarmed Combat
  5355 | D:6      | Reached XP level 8. HP: 25/60 MP: 8/8
  5656 | D:6      | Reached skill level 12 in Unarmed Combat
  5742 | D:6      | Reached skill level 13 in Unarmed Combat
  5958 | D:6      | Reached XP level 9. HP: 61/65 MP: 9/9
  6328 | D:6      | Reached skill level 14 in Unarmed Combat
  6696 | D:7      | Noticed Joseph
  7076 | D:7      | Killed Joseph
  7077 | D:7      | Reached skill level 15 in Unarmed Combat
  7330 | D:7      | Reached skill level 5 in Fighting
  7599 | D:7      | Found a staircase to the Ecumenical Temple.
  7606 | D:7      | Noticed Maurice
  7613 | D:7      | Maurice stole an amulet of magic regeneration
  7617 | D:7      | Killed Maurice
  7788 | D:7      | Found Zauwkupt's Weapon Emporium.
  7832 | D:7      | Reached XP level 10. HP: 74/79 MP: 10/10
  7886 | D:7      | Noticed Dowan
  7897 | D:7      | Killed Dowan
  7903 | D:7      | Noticed Duvessa
  7912 | D:7      | Killed Duvessa
  8219 | Temple   | Entered the Ecumenical Temple
  8228 | Temple   | Became a worshipper of Warmaster Okawaru
  8566 | D:8      | Found a snail-covered altar of Cheibriados.
  8566 | D:8      | Found Cheibriados's Comfort Zone.
  9702 | D:8      | Reached * piety under Okawaru
  9752 | D:8      | Noticed a komodo dragon
  9763 | D:8      | Killed a komodo dragon
  9764 | D:8      | Reached skill level 10 in Fighting
  9764 | D:8      | Reached skill level 1 in Armour
  9933 | D:8      | Noticed a komodo dragon
  9944 | D:8      | Killed a komodo dragon
 10048 | D:8      | Noticed a komodo dragon
 10052 | D:8      | Killed a komodo dragon
 10052 | D:8      | Reached ** piety under Okawaru
 10250 | D:8      | Found a staircase to the Lair.
 10438 | D:9      | Reached skill level 5 in Armour
 10616 | D:9      | Reached skill level 1 in Shields
 10672 | D:9      | Reached XP level 11. HP: 88/90 MP: 11/11
 11174 | D:9      | Noticed a necromancer
 11187 | D:9      | Killed a necromancer
 11188 | D:9      | Reached skill level 5 in Shields
 11512 | D:10     | Entered Level 10 of the Dungeon
 11856 | D:10     | Found Cyhufrao's Mass Market.
 11942 | D:10     | Reached *** piety under Okawaru
 12494 | D:10     | Noticed martbhell's ghost (novice MiBe)
 12812 | D:10     | Found a runed translucent door.
 13028 | D:10     | Got the Parchment of Lethal Chilblains
 13277 | D:11     | Noticed a flayed ghost
 13277 | D:11     | Noticed a boulder beetle
 13295 | D:11     | Killed a boulder beetle
 13301 | D:11     | Killed a flayed ghost
 13301 | D:11     | Reached **** piety under Okawaru
 13934 | D:11     | Found a staircase to the Orcish Mines.
 14165 | D:11     | Found an ancient bone altar of Kikubaaqudgha.
 14541 | D:11     | Noticed a boulder beetle
 14541 | D:11     | Noticed a two-headed ogre
 14543 | D:11     | Noticed a cyclops
 14553 | D:11     | Reached XP level 12. HP: 73/106 MP: 10/12
 14567 | D:11     | Reached ***** piety under Okawaru
 14575 | D:11     | Killed a two-headed ogre
 14583 | D:11     | Killed a boulder beetle
 14839 | D:11     | Identified the +0 leather armour "Refedd" {rC- rN+++ Dex+4
                  | Stlth-}
 14845 | D:11     | Got the Folio of Called Chrysopoeia
 15114 | D:11     | Reached skill level 15 in Fighting
 15491 | D:11     | Acquired the +0 pair of fencer's gloves {Riposte Dex+3}
 15491 | D:11     | Found the +0 pair of fencer's gloves {Riposte Dex+3}
 15622 | Lair:1   | Entered Level 1 of the Lair of Beasts
 15846 | Lair:1   | Received a gift from Okawaru
 17100 | Lair:1   | Noticed a skyshark
 17111 | Lair:1   | Killed a skyshark
 17351 | Lair:2   | Found a staircase to the Swamp.
 17387 | Lair:2   | Reached skill level 10 in Armour
 17387 | Lair:2   | Reached skill level 1 in Invocations
 17516 | Lair:2   | Reached XP level 13. HP: 107/111 MP: 15/15
 17691 | Lair:2   | Reached skill level 5 in Invocations
 17691 | Lair:2   | Reached skill level 1 in Evocations
 17717 | Lair:2   | Found a dark tunnel.
 17726 | Volcano  | Entered a volcano
 17916 | Volcano  | Received a gift from Okawaru
 17928 | Volcano  | Reached skill level 5 in Evocations
 17938 | Volcano  | Identified the +1 pair of boots of the Centipede {SInv}
 18244 | Lair:2   | Found a hole to the Spider Nest.
 18585 | Lair:2   | Received a gift from Okawaru
 18586 | Lair:2   | Reached skill level 16 in Unarmed Combat
 19998 | Lair:3   | Received a gift from Okawaru
 20097 | Lair:3   | Noticed a six-headed hydra
 20108 | Lair:3   | Killed a six-headed hydra
 20130 | Lair:3   | Reached skill level 17 in Unarmed Combat
 20174 | Lair:3   | Reached XP level 14. HP: 119/123 MP: 17/17
 21366 | Lair:4   | Found a staircase to the Slime Pits.
 21367 | Lair:4   | Found a viscous altar of Jiyva.
 21408 | Lair:4   | Received a gift from Okawaru
 21990 | Lair:4   | Reached skill level 18 in Unarmed Combat
 22544 | Lair:5   | Entered Level 5 of the Lair of Beasts
 22689 | Lair:4   | Received a gift from Okawaru
 23416 | Lair:5   | Reached skill level 10 in Invocations
 23420 | Lair:5   | Received a gift from Okawaru
 24145 | Lair:5   | Reached XP level 15. HP: 116/129 MP: 22/22
 24220 | Lair:5   | Reached ****** piety under Okawaru
 24285 | Lair:5   | Received a gift from Okawaru
 24297 | Lair:5   | Reached skill level 5 in Dodging
 24903 | Lair:5   | Received a gift from Okawaru
 25604 | D:12     | Found Kutuwe's Jewellery Shoppe.
 25897 | D:12     | Reached skill level 10 in Evocations
 26099 | D:12     | Received a gift from Okawaru
 27072 | D:13     | Noticed Josephine
 27087 | D:13     | Killed Josephine
 27245 | D:13     | Received a gift from Okawaru
 28028 | D:13     | Reached XP level 16. HP: 121/136 MP: 23/23
 28341 | D:14     | Received a gift from Okawaru
 29169 | D:14     | Found a gate to the Vaults.
 29444 | D:15     | Entered Level 15 of the Dungeon
 29457 | D:14     | Received a gift from Okawaru
 29687 | D:15     | Reached skill level 15 in Evocations
 30203 | D:15     | Received a gift from Okawaru
 30910 | D:15     | Slain by a white very ugly thing

Illustrated notes

Levels and vault maps discovered:
D:1:      dpeg_arrival_concentric_ovals, layout_basic
D:2:      layout_loops_cross, shapermc_ecumenical_altar_petra, uniq_natasha,
          uniq_crazy_yiuf_cottage
D:3:      layout_basic, gammafunk_temple_of_torment,
          nicolae_dithmenos_the_darkroom
D:4:      layout_rooms, biasface_ghost_orc_armoury
D:5:      layout_gridville, kennysheep_doodads, kennysheep_diamond
D:6:      layout_rooms, hangedman_abyss_or_decor_stagger,
          nicolae_twisty_statue_hallways, uniq_jeremiah
D:7:      statuecave_lemuel, layout_gridville, minmay_temple_entry_overgrown,
          serial_shops, shop, dk_rats_in_the_wall, uniq_maurice, uniq_joseph,
          uniq_duvessa
D:8:      layout_rooms, erik_lair_dragon, minmay_shop_chei,
          chequers_serial_rivers_room_b, grunt_decor_one_mirror,
          serial_bayou_lake_a
D:9:      layout_loops_ring, minmay_librarian
D:10:     layout_basic, hellmonk_ghost_big_iron, minmay_shop_mass
D:11:     minmay_the_grid_plus_closed [minmay_the_grid_eight,
          minmay_the_grid_embedded, minmay_the_grid_diamond_grid,
          minmay_the_grid_empty, minmay_the_grid_prize_big_room],
          layout_irregular_city, hiddenorc2_lemuel, kiku_gazebo_pond_becter
D:12:     layout_basic, serial_shops, nicolae_shop_gibbet_a_chance,
          elves_outpost_lemuel
D:13:     layout_cave_pools, serial_undead, serial_undead_f, serial_undead_b,
          serial_undead_c, serial_undead_a, uniq_josephine
D:14:     cheibrodos_statue_roulette, layout_rooms,
          hellmonk_vaults_attempted_burglary, serial_glass, glass_columns_a,
          glass_columns_b, hangedman_glass_teeth, minmay_fire_ice_demons
D:15:     gammafunk_enter_depths_forms, layout_loops_corners,
          hangedman_corner_corridor
Temple:   nicolae_temple_bog_church
Lair:1:   layout_concentric_octagons, st_stairs_8
Lair:2:   layout_roguey [special_room_bee], swamp_mist_pool, dummy_spider_entry,
          lightli_volcano_entry_magma_tube, minivault_26
Lair:3:   layout_cave_pods, roderic_batcave, chequers_serial_rivers_small_a,
          lemuel_fruit_fields
Lair:4:   layout_cave_pods, slime_entry_1
Lair:5:   grunt_lair_end_beastmaster, layout_cellular_growth,
          grunt_megastairs_5, serial_bayou_shore_b

Skill      XL: |  1  2  3  4  5  6  7  8  9 10 11 12 13 14 15 16 |
---------------+-------------------------------------------------+-----
Unarmed Combat | 3 4 5 7 11 13 15 17 18 | 18.0
Fighting       | 4 7 10 13 15 | 15.0
Armour         | 6 10 | 10.0
Shields        | 3 5 |  5.0
Invocations    | 3 5 10 | 10.0
Evocations     | 5 13 16 | 16.0
Dodging        | 4 5 |  5.0
Stealth        | |  6.0

Action                     |  1- 3 |  4- 6 |  7- 9 | 10-12 | 13-15 | 16-18 || total
---------------------------+-------+-------+-------+-------+-------+-------++-------
  Melee: Unarmed           |   123 |   175 |   193 |   587 |   954 |   272 ||  2304
         Punch             |     1 |     4 |    12 |       |       |       ||    17
  Throw: Dart              |       |     3 |    19 |    23 |     2 |       ||    47
 Invoke: Heroism           |       |       |       |     6 |    19 |     2 ||    27
         Finesse           |       |       |       |     1 |       |       ||     1
Ability: Dig               |     2 |     7 |     7 |    11 |     7 |       ||    34
  Evoke: Wand              |       |       |       |    14 |    18 |       ||    32
    Use: Scroll            |     4 |     7 |     1 |    13 |     4 |       ||    29
         Potion            |       |       |     7 |     5 |     1 |     1 ||    14
   Stab: Sleeping          |    10 |       |       |       |       |       ||    10
         Invisible         |       |       |       |    20 |       |       ||    20
         Petrified         |       |       |       |     2 |       |       ||     2
         Petrifying        |       |       |       |     1 |       |       ||     1
 Armour: Leather armour    |    56 |       |       |       |       |       ||    56
         Chain mail        |    12 |   110 |   153 |    97 |       |       ||   372
         Plate armour      |       |       |       |   310 |   747 |   188 ||  1245
  Dodge: Dodged            |    73 |    64 |    69 |   139 |   318 |    78 ||   741
  Block: Buckler           |       |       |     4 |   104 |   248 |    44 ||   400
Riposte: Unarmed           |       |       |       |    18 |   176 |    35 ||   229
